[Event "fics rated crazyhouse match"]
[Site "fics, Oklahoma City, OK USA"]
[Date "2000.12.25"]
[White "LINDEGREN"]
[WhiteElo "2334"]
[Black "Thufir"]
[BlackElo "2338"]
[TimeControl "60+0"]
[Result "0-1"]

1. e4 e6 2. Nc3 Nc6 3. d4 d5 4. a3 dxe4 5. Nxe4 Qxd4 6. Be3 
Qxb2 7. Nf3 Bxa3 8. Rxa3 Qxa3 9. Bd3 P@d5 10. Neg5 P@f6 11. Nxf7 Kxf7 
12. O-O P@e4 13. Be2 exf3 14. Bxf3 P@e4 15. Bh5+ g6 16. Bg4 N@c3 17. Qe1 
N@f5 18. Bxf5 exf5 19. B@h6 Nxh6 20. Bxh6 B@c4 21. P@g7 Rg8 22. N@h8+ Ke7 
23. P@f7 Be6 24. fxg8=Q Rxg8 25. P@f7 Bxf7 26. Nxf7 Kxf7 27. R@f8+ Ke6 28. N@f4+ 
Kd6 29. Rxg8 B@e7 30. Re8 P@f3 31. g8=Q N@e2+ 32. Nxe2 Nxe2+ 33. Qxe2 Bxe2 
34. N@c8+ Kc5 35. Qxd5+ Kxd5 36. N@e3+ Kc5 37. R@d5+ Kb4 38. B@d2+ P@c3 39. Bxc3+ 
Kxc3 40. P@d2+ Kb2 41. Rb1+ Kxb1 42. h4 Kc1 43. Kh2 R@f1 44. Kg3 R@h1 
45. Kf4 B@e5# 
{LINDEGREN forfeits on time} 0-1

[Event "fics rated crazyhouse match"]
[Site "fics, Oklahoma City, OK USA"]
[Date "2000.12.25"]
[White "Thufir"]
[WhiteElo "2346"]
[Black "LINDEGREN"]
[BlackElo "2326"]
[TimeControl "60+0"]
[Result "1-0"]

1. e4 Nf6 2. e5 Nc6 3. exf6 gxf6 4. Nf3 d5 5. Nc3 Rg8 6. Rg1 
Bg4 7. N@e3 Bxf3 8. Qxf3 P@e4 9. Qh5 Nd4 10. Qxh7 Rg7 11. Qh4 N@b4 
12. B@a4+ c6 13. P@h6 Rh7 14. d3 exd3 15. Bxd3 Nxd3+ 16. cxd3 B@b4 17. N@f4 
Bxc3+ 18. bxc3 N@f3+ 19. gxf3 Nxf3+ 20. Kd1 Nxh4 21. P@g7 Bxg7 22. hxg7 Rxg7 
23. Rxg7 Kd7 24. B@h3+ Kc7 25. N@e6+ fxe6 26. Nxe6+ Kb8 27. Nxd8 Q@f3+ 28. B@e2 
Qxe2+ 29. Kxe2 N@f4+ 30. Kd2 Nf3+ 31. Kc2 B@c8 32. Bxc8 Kxc8 33. B@g4+ P@e6 
34. Bxf3 P@e4 35. dxe4 B@d3+ 36. Kb2 dxe4 37. Nxe6 Nxe6 38. P@d7+ Kxd7 39. Rxe7+ 
Kxe7 40. N@f5+ Kd7 41. Q@e7+ Kc8 42. Q@e8+ R@d8 43. Nd6+ Kb8 44. P@c7+ Nxc7 
45. Q7xd8# 
{LINDEGREN forfeits on time} 1-0

[Event "fics rated crazyhouse match"]
[Site "fics, Oklahoma City, OK USA"]
[Date "2000.12.25"]
[White "LINDEGREN"]
[WhiteElo "2318"]
[Black "Thufir"]
[BlackElo "2354"]
[TimeControl "60+0"]
[Result "1-0"]

1. e4 e6 2. Nc3 d6 3. d4 Bd7 4. Nf3 Nf6 5. Bd3 Be7 6. O-O 
O-O 7. e5 Nd5 8. Nxd5 exd5 9. exd6 cxd6 10. P@h6 P@e4 11. hxg7 Kxg7 
12. N@h5+ Kg8 13. P@g7 P@g6 14. gxf8=Q+ Qxf8 15. Bxe4 gxh5 16. P@g7 Qxg7 17. R@g3 
P@g4 18. Bxd5 N@f5 19. P@h6 Nxh6 20. Bxh6 Qxh6 21. N@e5 dxe5 22. Nxe5 P@f4 
23. Bxf7+ Kh8 24. Bd5 B@e6 25. Bxe6 Bxe6 26. B@d2 B@g5 27. Bxf4 Bxf4 28. d5 
Bxg3 29. hxg3 P@f3 30. dxe6 B@e8 31. P@f7 N@h3+ 32. Kh2 fxg2 33. fxe8=Q+ N@g8 
34. Nf7+ Kg7 35. Qd4+ P@f6 36. B@h8+ Kg6 37. Qe4+ R@f5 38. Ne5+ Kg5 39. P@h4# 
{Thufir checkmated} 1-0

[Event "fics rated crazyhouse match"]
[Site "fics, Oklahoma City, OK USA"]
[Date "2000.12.25"]
[White "Thufir"]
[WhiteElo "2345"]
[Black "LINDEGREN"]
[BlackElo "2327"]
[TimeControl "60+0"]
[Result "0-1"]

1. e4 Nf6 2. e5 Nc6 3. exf6 gxf6 4. d3 d5 5. Nf3 Rg8 6. Be2 
Bg4 7. Rg1 P@e4 8. N@e3 Bxf3 9. Bxf3 exf3 10. Qxf3 Nd4 11. B@a4+ B@c6 
12. Qxd5 Qxd5 13. Nxd5 Q@e2# 
{Thufir checkmated} 0-1

[Event "fics rated crazyhouse match"]
[Site "fics, Oklahoma City, OK USA"]
[Date "2000.12.25"]
[White "LINDEGREN"]
[WhiteElo "2335"]
[Black "Thufir"]
[BlackElo "2337"]
[TimeControl "60+0"]
[Result "1-0"]

1. e4 e6 2. Nc3 Nf6 3. d4 Bb4 4. Bd3 Nc6 5. Be3 d5 6. e5 
Ne4 7. Bxe4 dxe4 8. Ne2 B@a5 9. N@b1 Bxc3+ 10. bxc3 N@h4 11. B@h3 O-O 
12. O-O Nxd4 13. Nxd4 P@f3 14. gxf3 exf3 15. P@g3 P@e2 16. Nxe2 fxe2 17. Qxe2 
N@f3+ 18. Kh1 Bxc3 19. Nxc3 P@g4 20. Bxg4 f6 21. Bxf3 Nxf3 22. Qxf3 fxe5 
23. P@f7+ Rxf7 24. Qxf7+ Kxf7 25. P@g2 P@f6 26. B@e4 B@g6 27. Bxg6+ hxg6 28. P@h7 
Bd7 29. B@g8+ Kf8 30. h8=Q Ke7 31. Qxg7+ Kd6 32. Rad1+ P@d4 33. Ne4+ Kd5 
34. R@c5+ Kxe4 35. f3+ Kf5 36. P@g4# 
{Thufir checkmated} 1-0

[Event "fics rated crazyhouse match"]
[Site "fics, Oklahoma City, OK USA"]
[Date "2000.12.25"]
[White "Thufir"]
[WhiteElo "2329"]
[Black "LINDEGREN"]
[BlackElo "2343"]
[TimeControl "60+0"]
[Result "0-1"]

1. e4 Nf6 2. e5 Nc6 3. exf6 gxf6 4. d4 d5 5. Nc3 Rg8 6. Bb5 
Bg4 7. N@f3 P@e4 8. h3 Bxf3 9. Nxf3 exf3 10. Qxf3 N@h4 11. Qxd5 Nxg2+ 
12. Kd1 Qxd5 13. Nxd5 Q@d6 14. B@f3 Nh4 15. Bxc6+ bxc6 16. N@c4 Qd7 17. P@b7 
Rd8 18. P@g3 Nxf3 19. Nf4 Qxd4+ 20. Q@d3 P@e2+ 21. Nxe2 Qxd3+ 22. cxd3 Rxd3+ 
23. Bd2 P@c2+ 24. Kxc2 Rxd2+ 25. Nxd2 N@d4+ 26. Nxd4 Nxd4+ 27. Kd3 Q@c2+ 28. Kxd4 
B@c5# 
{Thufir checkmated} 0-1

[Event "fics rated crazyhouse match"]
[Site "fics, Oklahoma City, OK USA"]
[Date "2000.12.25"]
[White "LINDEGREN"]
[WhiteElo "2351"]
[Black "Thufir"]
[BlackElo "2321"]
[TimeControl "60+0"]
[Result "1-0"]

1. e4 e6 2. Nc3 Nc6 3. d4 Bb4 4. a3 Ba5 5. Nf3 Nf6 6. Bd3 
d5 7. e5 Ne4 8. Bd2 Nxd2 9. Qxd2 B@e4 10. N@g5 Bxf3 11. Nxf3 N@e4 
12. Bxe4 dxe4 13. Ng5 Qxd4 14. Qxd4 Nxd4 15. O-O Bxc3 16. Nxf7 N@h3+ 17. gxh3 
Nf3+ 18. Kh1 P@g2+ 19. Kxg2 Nh4+ 20. Kg3 Q@g2+ 21. Kxh4 Bxe5 22. Q@d8+ Kxf7 
23. N@g5+ Kg6 24. P@h5+ Kf5 25. P@g4# 
{Thufir resigns} 1-0

[Event "fics rated crazyhouse match"]
[Site "fics, Oklahoma City, OK USA"]
[Date "2000.12.25"]
[White "Thufir"]
[WhiteElo "2314"]
[Black "LINDEGREN"]
[BlackElo "2358"]
[TimeControl "60+0"]
[Result "1-0"]

1. e4 Nf6 2. e5 Nc6 3. exf6 gxf6 4. d4 d5 5. Be2 Rg8 6. N@g3 
P@e4 7. Nh3 e5 8. Rg1 Nxd4 9. Nc3 Nxe2 10. Qxe2 P@f3 11. gxf3 exf3 
12. Qb5+ P@c6 13. Qd3 B@g6 14. P@f5 Bgxf5 15. Nxf5 Rxg1+ 16. Nxg1 Bxf5 17. Qxf5 
P@e6 18. Qxf3 N@d4 19. Qd1 R@h1 20. N@h3 Bb4 21. B@g2 Bxc3+ 22. bxc3 Rxg1+ 
23. Nxg1 Nf5 24. R@g8+ Kd7 25. Rxd8+ Rxd8 26. B@g4 Nd6 27. P@c5 b6 28. cxd6 
cxd6 29. N@g7 R@e4+ 30. Bxe4 dxe4 31. B@h3 B@c4 32. Nxe6 fxe6 33. Bxe6+ Kc7 
34. Bxc4 P@d3 35. P@e7 Rd7 36. B@d8+ Kc8 37. Bxd7+ Kxd7 38. Q@c7+ Ke8 39. R@f8# 
{LINDEGREN checkmated} 1-0

[Event "fics rated crazyhouse match"]
[Site "fics, Oklahoma City, OK USA"]
[Date "2000.12.25"]
[White "LINDEGREN"]
[WhiteElo "2349"]
[Black "Thufir"]
[BlackElo "2323"]
[TimeControl "60+0"]
[Result "0-1"]

1. e4 e6 2. Nc3 Nc6 3. d4 Nf6 4. a3 d5 5. e5 Ne4 6. Nh3 
Be7 7. Bd3 Nxc3 8. bxc3 N@e4 9. Bd2 Nxd2 10. Qxd2 B@e4 11. f3 Bxd3 
12. cxd3 B@f5 13. g4 Bh4+ 14. B@g3 Bxg3+ 15. hxg3 Bg6 16. O-O B@a6 17. B@e2 
f6 18. exf6 Qxf6 19. P@e5 Qf7 20. N@g5 Qe7 21. Rae1 Bd7 22. f4 O-O-O 
23. f5 exf5 24. gxf5 Bdxf5 25. P@g2 Bfxd3 26. Bxd3 Baxd3 27. B@g4+ B@e6 28. Nxe6 
P@f5 29. Nxd8 Rxd8 30. Be2 Bxe2 31. Rxe2 P@e4 32. N@c5 B@c4 33. R@a8+ N@b8 
34. B@e6+ P@d7 35. Bxd7+ Rxd7 36. Nxd7 Kxd7 37. B@a4 P@b5 38. Rxb8 Nxb8 39. N@c5+ 
Kd8 40. P@d7 Nxd7 41. Nxd7 Qxd7 42. N@c5 Qe7 43. Nxb7+ Kc8 44. Nc5 B@c6 
45. P@b7+ Bxb7 46. Nxb7 Kxb7 47. Bxb5 Bxb5 48. B@c5 P@d6 49. exd6 cxd6 50. R@e5 
Qc7 51. Bxd6 Qxd6 52. P@c5 Qc6 53. P@d6 N@g4 54. Re7+ P@c7 55. P@h2 N@e3 
56. Kh1 Nxg2 57. Rxc7+ Qxc7 58. dxc7 N@f3 59. Q@c8+ Kxc8 60. Rxg2 Kxc7 
{LINDEGREN forfeits on time} 0-1

[Event "fics rated crazyhouse match"]
[Site "fics, Oklahoma City, OK USA"]
[Date "2000.12.25"]
[White "Thufir"]
[WhiteElo "2332"]
[Black "LINDEGREN"]
[BlackElo "2340"]
[TimeControl "60+0"]
[Result "0-1"]

1. e4 Nf6 2. e5 Nc6 3. exf6 gxf6 4. Nf3 d5 5. Bb5 Rg8 6. Rg1 
Bg4 7. N@e3 P@e4 8. Nxg4 exf3 9. Qxf3 N@d4 10. Qd1 Nxb5 11. B@a4 Nbd4 
12. P@e3 B@e2 13. exd4 Bxd1 14. Kxd1 Rxg4 15. B@f3 N@e4 16. N@d3 Rg8 17. Re1 
e6 18. Bxe4 dxe4 19. Rxe4 B@d5 20. Re1 Rxg2 21. Nf4 P@f3 22. Nxg2 fxg2 
23. N@f4 N@f3 24. Nxd5 Nxe1 25. P@d7+ Kxd7 26. Bxc6+ bxc6 27. B@g4 B@f3+ 28. Bxf3 
Nxf3 29. c3 P@d3 
{Thufir resigns} 0-1

[Event "fics rated crazyhouse match"]
[Site "fics, Oklahoma City, OK USA"]
[Date "2000.12.25"]
[White "LINDEGREN"]
[WhiteElo "2348"]
[Black "Thufir"]
[BlackElo "2324"]
[TimeControl "60+0"]
[Result "1-0"]

1. e4 e6 2. Nc3 Nc6 3. a3 Nf6 4. d4 d5 5. exd5 exd5 6. Nf3 
P@e4 7. Ne5 Be7 8. Nxc6 bxc6 9. N@e5 Bd7 10. Nxd7 Nxd7 11. B@h3 N@h4 
12. Be2 N@g5 13. Bxg5 Bxg5 14. O-O O-O 15. P@e6 fxe6 16. Bxe6+ P@f7 17. Bxd7 
Qxd7 18. N@e5 Qe7 19. Nxc6 Qd6 20. Nxd5 Qxc6 21. N@e7+ Bxe7 22. Nxe7+ Kh8 
23. Nxc6 B@d5 24. P@h6 gxh6 25. B@e5+ f6 26. Ne7 fxe5 27. P@g7+ Kxg7 28. dxe5 
P@f6 29. exf6+ Rxf6 30. P@e5 Re6 31. P@f6+ Kf7 32. Nxd5 B@f8 33. P@g7 Bxg7 
34. fxg7 Kxg7 35. B@f6+ Kf8 36. Q@g7+ Ke8 37. Nxc7# 
{Thufir checkmated} 1-0

[Event "fics rated crazyhouse match"]
[Site "fics, Oklahoma City, OK USA"]
[Date "2000.12.25"]
[White "Thufir"]
[WhiteElo "2317"]
[Black "LINDEGREN"]
[BlackElo "2355"]
[TimeControl "60+0"]
[Result "1-0"]

1. e4 Nf6 2. e5 Nc6 3. exf6 gxf6 4. g3 d5 5. Bg2 Rg8 6. h3 
e5 7. Nf3 e4 8. O-O exf3 9. Qxf3 P@e4 10. Re1 Be6 11. Qh5 N@f3+ 
12. Bxf3 exf3 13. Qxh7 Rg7 14. Qh5 B@e4 15. P@h6 Rg6 16. P@h7 Rg5 17. Qh4 
Bxh7 18. N@f4 Qe7 19. Nc3 O-O-O 20. d3 Nd4 21. Ncxd5 Rgxd5 22. Nxd5 Rxd5 
23. R@a8+ Kd7 24. P@g7 N@e2+ 25. Kh2 P@g2 26. Bf4 N@f1+ 27. Rxf1 gxf1=Q 28. Rxf1 
R@g2+ 29. Kh1 Nxf4 30. N@b8+ Kd6 31. N@c4+ Kc5 32. gxf4 Rxf2 33. Rxf2 P@g2+ 
34. Kh2 B@e1 35. P@b4+ Kb5 36. a4+ Kxb4 37. R@b3+ Kxa4 38. N@b4 Kb5 39. Nxd5+ 
Ka4 40. Nxe7 
{LINDEGREN forfeits on time} 1-0

[Event "fics rated crazyhouse match"]
[Site "fics, Oklahoma City, OK USA"]
[Date "2000.12.25"]
[White "LINDEGREN"]
[WhiteElo "2346"]
[Black "Thufir"]
[BlackElo "2326"]
[TimeControl "60+0"]
[Result "1-0"]

1. e4 e6 2. Nc3 d5 3. d4 dxe4 4. Nxe4 Nc6 5. Nf3 P@d5 6. Neg5 
Be7 7. Bb5 Bd7 8. Bxc6 Bxc6 9. Nxf7 Kxf7 10. Ne5+ Kf8 11. P@f7 Nf6 
12. P@g6 hxg6 13. Nxg6+ Kxf7 14. N@e5+ Ke8 15. P@f7# 
{Thufir checkmated} 1-0

[Event "fics rated crazyhouse match"]
[Site "fics, Oklahoma City, OK USA"]
[Date "2000.12.25"]
[White "Thufir"]
[WhiteElo "2318"]
[Black "LINDEGREN"]
[BlackElo "2354"]
[TimeControl "60+0"]
[Result "1-0"]

1. e4 Nf6 2. e5 Nc6 3. exf6 gxf6 4. Nf3 d5 5. Rg1 Rg8 6. N@e3 
d4 7. Nc4 P@e4 8. Nh4 Bg4 9. f3 exf3 10. gxf3 Bxf3 11. Rxg8 Bxd1 
12. P@g7 P@f2+ 13. Kxf2 P@e3+ 14. dxe3 dxe3+ 15. Bxe3 Kd7 16. gxf8=Q Qxf8 17. B@f5+ 
e6 18. Rxf8 Rxf8 19. Nc3 Bh5 20. P@g4 P@g5 21. Rd1+ P@d6 22. gxh5 gxh4 
23. B@b5 N@h1+ 24. Ke1 R@d5 25. Bxc6+ bxc6 26. Nxd5 cxd5 27. P@c6+ Kxc6 28. N@a5+ 
Kd7 29. P@c6+ Ke7 30. Q@d7# 
{LINDEGREN checkmated} 1-0

[Event "fics rated crazyhouse match"]
[Site "fics, Oklahoma City, OK USA"]
[Date "2000.12.25"]
[White "LINDEGREN"]
[WhiteElo "2345"]
[Black "Thufir"]
[BlackElo "2327"]
[TimeControl "60+0"]
[Result "0-1"]

1. e4 e6 2. Nc3 Nc6 3. d4 Nf6 4. a3 d5 5. exd5 Nxd5 6. Nf3 
Be7 7. Bb5 Bd7 8. Nxd5 exd5 9. Bxc6 bxc6 10. Ne5 P@f6 11. Nxd7 Qxd7 
12. B@h3 B@e6 13. Bxe6 Qxe6+ 14. P@e3 N@h4 15. B@f1 B@g4 16. N@f4 Bxd1 17. Nxe6 
Nxg2+ 18. Kxd1 Q@e1# 
{LINDEGREN checkmated} 0-1

[Event "fics rated crazyhouse match"]
[Site "fics, Oklahoma City, OK USA"]
[Date "2000.12.25"]
[White "Thufir"]
[WhiteElo "2335"]
[Black "LINDEGREN"]
[BlackElo "2337"]
[TimeControl "60+0"]
[Result "1-0"]

1. e4 Nf6 2. e5 Nc6 3. exf6 gxf6 4. d3 d5 5. Nf3 Rg8 6. Nh4 
e5 7. Be2 Nd4 8. Nc3 Bb4 9. Bd2 Bxc3 10. Bxc3 Nxe2 11. Qxe2 N@f4 
12. Qf3 B@g4 13. Qe3 P@g5 14. B@g3 d4 15. Qe4 gxh4 16. Bxf4 dxc3 17. Qxh7 
B@d2+ 18. Bxd2 cxd2+ 19. Kxd2 B@b4+ 20. P@c3 Bxc3+ 21. bxc3 N@c4+ 22. Ke1 P@d2+ 
23. Kf1 Rf8 24. B@b5+ c6 25. Bxc4 h3 26. gxh3 Bxh3+ 27. P@g2 Bxg2+ 28. Kxg2 
P@g4 29. f3 gxf3+ 30. Kxf3 P@g4+ 31. Ke3 P@d5 32. N@g7+ Kd7 33. B@f5+ Kc7 
34. B@a5+ b6 35. Bxc8 Kxc8 36. B@f5+ Kc7 37. P@e6 d4+ 38. cxd4 exd4+ 39. Kxd2 
B@f4+ 40. Kd1 P@c3 41. N@a6+ Kd6 42. N@e4+ Ke5 43. N@f3+ gxf3 44. Nxc3 
{LINDEGREN forfeits on time} 1-0

[Event "fics rated crazyhouse match"]
[Site "fics, Oklahoma City, OK USA"]
[Date "2000.12.25"]
[White "LINDEGREN"]
[WhiteElo "2329"]
[Black "Thufir"]
[BlackElo "2343"]
[TimeControl "60+0"]
[Result "0-1"]

1. e4 e5 2. Nc3 Nc6 3. Nf3 Bc5 4. Bc4 Nf6 5. O-O O-O 6. d3 
h6 7. Be3 Be7 8. Nd5 Ng4 9. Nxe7+ Nxe7 10. B@h3 Nxe3 11. fxe3 d6 
12. N@f5 Nxf5 13. exf5 B@f6 14. Bxf7+ Rxf7 15. P@e6 Rf8 16. N@g6 Re8 17. Nfxe5 
dxe5 18. P@f7+ Kh7 19. fxe8=Q Qxe8 20. R@h8+ Qxh8 21. Nxh8 Kxh8 22. Qh5 B@h7 
23. Q@e8+ N@g8 24. Qhf7 N@d6 25. Qfxg8+ Bxg8 26. N@g6+ Kh7 27. Nf8+ Kh8 28. Qg6 
N@e7 29. Qg3 P@g5 30. Kh1 Bcxe6 31. Ng6+ Nxg6 32. fxg6 Bxh3 33. Qxh3 B@e6 
34. B@f5 Nxf5 35. Rxf5 N@e7 36. N@f7+ Bgxf7 37. gxf7 Bxf5 38. Qxf5 Nxf5 39. B@f2 
Kh7 40. B@g1 B@g6 41. N@g4 Bxf7 42. Nxf6+ gxf6 43. B@g4 R@h4 44. Bxf5+ P@g6 
45. N@h3 gxf5 46. Bxh4 P@g3 47. R@g7+ Kxg7 48. Bxg3 Kf8 49. Nxg5 Ke8 50. P@e7 
Kd7 51. Nf3 Kc6 
{LINDEGREN forfeits on time} 0-1

[Event "fics rated crazyhouse match"]
[Site "fics, Oklahoma City, OK USA"]
[Date "2000.12.25"]
[White "Thufir"]
[WhiteElo "2351"]
[Black "LINDEGREN"]
[BlackElo "2321"]
[TimeControl "60+0"]
[Result "0-1"]

1. e4 Nf6 2. e5 Nc6 3. exf6 gxf6 4. Nf3 d5 5. d3 Rg8 6. Nbd2 
Bg4 7. Rg1 P@e4 8. dxe4 dxe4 9. Nxe4 Qxd1+ 10. Kxd1 Bxf3+ 11. gxf3 Rd8+ 
12. P@d6 Rxg1 13. B@h3 Rxf1+ 14. Bxf1 P@g2 15. Bxg2 B@e2+ 16. Kxe2 Nd4+ 17. Kd3 
Q@e2+ 18. Kxd4 N@b5+ 19. Kc5 exd6+ 20. Kb4 R@c4+ 21. Kb3 P@a4# 
{Thufir checkmated} 0-1

[Event "fics rated crazyhouse match"]
[Site "fics, Oklahoma City, OK USA"]
[Date "2000.12.25"]
[White "LINDEGREN"]
[WhiteElo "2330"]
[Black "Thufir"]
[BlackElo "2342"]
[TimeControl "60+0"]
[Result "0-1"]

1. e4 e6 2. Nc3 Nc6 3. d4 Nf6 4. Nf3 Be7 5. Bd3 d6 6. O-O 
O-O 7. e5 Nxd4 8. exf6 Nxf3+ 9. Qxf3 Bxf6 10. N@h5 Be7 11. Nxg7 N@e5 
12. Qg3 P@g4 13. Nh5 P@g7 14. P@h6 g6 15. Nf4 Bg5 16. Bxg6 fxg6 17. P@g7 
Re8 18. Ne4 Bxh6 19. N@f6+ Kxg7 20. Nxe8+ Qxe8 21. Nxe6+ Bxe6 22. P@f6+ Kf7 
23. Bxh6 N@f5 24. Qa3 P@f3 25. B@e7 N@e2+ 26. Kh1 fxg2+ 27. Kxg2 B@f3# 
{LINDEGREN resigns} 0-1

[Event "fics rated crazyhouse match"]
[Site "fics, Oklahoma City, OK USA"]
[Date "2000.12.25"]
[White "Thufir"]
[WhiteElo "2350"]
[Black "LINDEGREN"]
[BlackElo "2322"]
[TimeControl "60+0"]
[Result "0-1"]

1. e4 Nf6 2. e5 Nc6 3. exf6 gxf6 4. Nf3 d5 5. Rg1 Rg8 6. d4 
Bg4 7. Be2 P@e4 8. Nh4 Bxe2 9. Kxe2 B@b5+ 10. Ke1 e5 11. dxe5 Nxe5 
12. Nc3 P@e2 13. Nxe2 Bxe2 14. Qxe2 N@f3+ 15. Nxf3 Nxf3+ 16. gxf3 Rxg1+ 17. B@f1 
N@d4 18. B@a4+ c6 19. Qe3 Nxf3+ 20. Kd1 Rxf1+ 21. N@e1 Nxe1 22. Qxe1 B@g4+ 
23. P@e2 Rxe1+ 24. Kxe1 N@g2+ 25. Kf1 Q@h1+ 26. N@g1 R@e1# 
{Thufir checkmated} 0-1

[Event "fics rated crazyhouse match"]
[Site "fics, Oklahoma City, OK USA"]
[Date "2000.12.25"]
[White "LINDEGREN"]
[WhiteElo "2331"]
[Black "Thufir"]
[BlackElo "2341"]
[TimeControl "60+0"]
[Result "1-0"]

1. e4 e6 2. Nc3 Nc6 3. d4 Bb4 4. a3 Ba5 5. Nf3 Nf6 6. Bd3 
d5 7. exd5 exd5 8. Qe2+ Qe7 9. Qxe7+ Nxe7 10. Ne5 P@e4 11. Bb5+ c6 
12. Be2 Bf5 13. P@e6 Bxe6 14. f3 exf3 15. Bxf3 P@e4 16. Be2 Rd8 17. O-O 
Bc7 18. Bf4 Ng6 19. Nxg6 hxg6 20. Bxc7 P@f3 21. Bxf3 exf3 22. Rxf3 B@e4 
23. Bxd8 N@e2+ 24. Nxe2 Kxd8 25. Q@d6+ B@d7 26. P@e7+ Kc8 27. N@b6+ axb6 28. N@a7# 
{Thufir checkmated} 1-0

[Event "fics rated crazyhouse match"]
[Site "fics, Oklahoma City, OK USA"]
[Date "2000.12.25"]
[White "JiggaB"]
[WhiteElo "2273"]
[Black "AngelicK"]
[BlackElo "2360"]
[TimeControl "60+0"]
[Result "0-1"]

1. d4 e6 2. Nf3 Nc6 3. Nc3 Nf6 4. Bg5 Be7 5. Bxf6 Bxf6 6. e4 
d6 7. e5 Be7 8. exd6 cxd6 9. N@h5 Rg8 10. d5 exd5 11. Nxd5 B@g4 
12. Nxg7+ Rxg7 13. Bb5 N@e6 14. P@h6 Rg8 15. Bxc6+ bxc6 16. Nxe7 Qxe7 17. B@h4 
P@g5 18. Bg3 P@f4 19. P@f6 Qxf6 20. Qxd6 B@e7 21. N@c7+ Nxc7 22. Qxc7 fxg3 
23. hxg3 Bxf3 24. gxf3 P@d2+ 25. Kf1 Ba6+ 26. P@d3 B@e2+ 27. Kxe2 N@d4+ 28. Kf1 
Bxd3+ 29. cxd3 P@e2+ 30. Kg1 e1=Q+ 31. Kg2 Qxf3+ 32. Kh2 Qexf2+ 33. Kh3 P@g4# 
{JiggaB checkmated} 0-1

[Event "fics rated crazyhouse match"]
[Site "fics, Oklahoma City, OK USA"]
[Date "2000.12.25"]
[White "Thufir"]
[WhiteElo "2333"]
[Black "LINDEGREN"]
[BlackElo "2339"]
[TimeControl "60+0"]
[Result "0-1"]

1. e4 Nf6 2. e5 Nc6 3. exf6 gxf6 4. g3 d5 5. Bg2 Rg8 6. Nh3 
e5 7. O-O e4 8. d3 P@f3 9. Bxf3 exf3 10. Qxf3 B@g4 11. Re1+ Be7 
12. Qxf6 Bxh3 13. N@h6 Bce6 14. Rxe6 Bxe6 15. Qxe6 fxe6 16. B@f7+ Kd7 17. Bxe6+ 
Kxe6 18. B@f5+ Kd6 19. Bf4+ Kc5 20. c3 N@e2+ 21. Kg2 Nxf4+ 22. Kf3 Q@e2+ 
23. Kxf4 B@e5# 
{Thufir checkmated} 0-1

[Event "fics rated crazyhouse match"]
[Site "fics, Oklahoma City, OK USA"]
[Date "2000.12.25"]
[White "LINDEGREN"]
[WhiteElo "2347"]
[Black "Thufir"]
[BlackElo "2325"]
[TimeControl "60+0"]
[Result "1-0"]

1. e4 Nf6 2. Nc3 d6 3. d4 Nc6 4. Nf3 Bg4 5. Bb5 a6 6. Bxc6+ 
bxc6 7. h3 Bd7 8. O-O e6 9. e5 Be7 10. exf6 Bxf6 11. N@h5 Rg8 
12. N@g4 B@g6 13. Nhxf6+ gxf6 14. Nh6 Rg7 15. B@h8 N@f5 16. Bxg7 Nxh6 17. Bgxh6 
N@f5 18. R@f8+ Ke7 19. N@g8# 
{Thufir checkmated} 1-0

[Event "fics rated crazyhouse match"]
[Site "fics, Oklahoma City, OK USA"]
[Date "2000.12.25"]
[White "Thufir"]
[WhiteElo "2318"]
[Black "LINDEGREN"]
[BlackElo "2354"]
[TimeControl "60+0"]
[Result "1-0"]

1. e4 Nf6 2. e5 Nc6 3. exf6 gxf6 4. d3 d5 5. Be2 Rg8 6. N@g3 
e5 7. Nf3 P@g4 8. Nh4 Be6 9. Nc3 Qd7 10. Bd2 Nd4 11. Be3 Nxe2 
12. Ngxe2 d4 13. Ne4 Be7 14. Bd2 B@c6 15. N@h5 Bxe4 16. dxe4 N@c4 17. B@f5 
Nxd2 18. Qxd2 B@b4 19. c3 dxc3 20. Qxd7+ Bxd7 21. Bxd7+ Kxd7 22. bxc3 P@d2+ 
23. Kxd2 B@g5+ 24. P@e3 Bxh4 25. B@f5+ N@e6 26. Q@d5+ Q@d6 27. Bxe6+ fxe6 28. cxb4 
exd5 29. B@f5+ B@e6 30. N@c5+ Qxc5 31. bxc5 N@c4+ 32. Ke1 Bxf2+ 33. Kxf2 Bxf5 
34. exf5 B@f7 35. P@e6+ Bxe6 36. fxe6+ Kxe6 37. N@g7+ Kd7 38. B@e6+ Kd8 39. Q@d7# 
{LINDEGREN checkmated} 1-0

[Event "fics rated crazyhouse match"]
[Site "fics, Oklahoma City, OK USA"]
[Date "2000.12.25"]
[White "LINDEGREN"]
[WhiteElo "2345"]
[Black "Thufir"]
[BlackElo "2327"]
[TimeControl "60+0"]
[Result "1-0"]

1. e4 e6 2. Nc3 b6 3. Nf3 Bb7 4. d4 Nf6 5. Bd3 Bb4 6. Qe2 
d5 7. exd5 Nxd5 8. Bd2 P@g4 9. Ne5 O-O 10. Qxg4 Nf6 11. Bxh7+ Nxh7 
12. P@h6 B@f6 13. hxg7 Re8 14. P@g6 Bxg7 15. gxf7+ Kh8 16. Ng6# 
{Thufir checkmated} 1-0

[Event "fics rated crazyhouse match"]
[Site "fics, Oklahoma City, OK USA"]
[Date "2000.12.25"]
[White "Thufir"]
[WhiteElo "2319"]
[Black "LINDEGREN"]
[BlackElo "2353"]
[TimeControl "60+0"]
[Result "1-0"]

1. e4 Nf6 2. e5 Nc6 3. exf6 gxf6 4. Nf3 d5 5. Rg1 Rg8 6. d4 
Bg4 7. N@e3 Bxf3 8. Qxf3 Nxd4 9. B@a4+ P@c6 10. Qxd5 Qxd5 11. Nxd5 Q@e5+ 
12. Ne3 P@f4 13. P@d7+ Kxd7 14. Nc3 fxe3 15. Bxe3 e6 16. O-O-O P@c5 17. P@f4 
Qd6 18. Bxd4 cxd4 19. Ne4 B@c3 20. Nxd6 Bxb2+ 21. Kxb2 P@c3+ 22. Ka1 Bxd6 
23. Rxd4 N@d5 24. B@h3 Rxg2 25. Bxe6+ fxe6 26. Q@f7+ P@e7 27. Qxe6+ Kxe6 28. P@f5+ 
Kxf5 29. N@h6+ Kg6 30. Rxg2+ Kxh6 31. Q@g7+ Kh5 32. R@h6# 
{LINDEGREN checkmated} 1-0

[Event "fics rated crazyhouse match"]
[Site "fics, Oklahoma City, OK USA"]
[Date "2000.12.25"]
[White "LINDEGREN"]
[WhiteElo "2344"]
[Black "Thufir"]
[BlackElo "2328"]
[TimeControl "60+0"]
[Result "1-0"]

1. e4 e6 2. Nc3 Nc6 3. d4 Nf6 4. Nf3 d6 5. Bb5 Bd7 6. O-O 
Be7 7. d5 Ne5 8. Nxe5 dxe5 9. dxe6 fxe6 10. Bxd7+ Nxd7 11. P@f7+ Kxf7 
12. B@f5 exf5 13. exf5 Rf8 14. Qd5+ Ke8 15. P@e6 Nb6 16. Qxb7 Rxf5 17. P@f7+ 
Kf8 18. Qxa8 Rxf7 19. exf7 Qxa8 20. R@g8+ Kxf7 21. Rxa8 Nxa8 22. R@f3+ B@f4 
23. Bxf4 exf4 24. Rxf4+ P@f6 25. N@e5+ Ke6 26. Q@f7+ Kxe5 27. Qd5+ Kxf4 28. B@g3+ 
Kg4 29. h3# 
{Thufir checkmated} 1-0

[Event "fics rated crazyhouse match"]
[Site "fics, Oklahoma City, OK USA"]
[Date "2000.12.25"]
[White "Thufir"]
[WhiteElo "2320"]
[Black "LINDEGREN"]
[BlackElo "2352"]
[TimeControl "60+0"]
[Result "1-0"]

1. e4 Nf6 2. e5 Nc6 3. exf6 gxf6 4. Nf3 d5 5. Rg1 Rg8 6. Bb5 
Bg4 7. N@e3 Bxf3 8. Qxf3 P@e4 9. Qh5 N@f3+ 10. Kd1 Nxg1 11. Qxh7 Rxg2 
12. Nxg2 P@f3 13. B@g4 R@d6 14. Nf4 a6 15. Bf1 Ne5 16. P@g7 Bxg7 17. Qxg7 
e6 18. R@g8+ Ke7 19. Rxd8 Raxd8 20. B@h4 P@e2+ 21. Nxe2 fxe2+ 22. Bfxe2 N@e8 
23. Bxf6+ Nxf6 24. P@f4 Nexg4 25. Bxg4 R@f1+ 26. N@e1 Rxe1+ 27. Kxe1 N@f3+ 28. Bxf3 
Nxf3+ 29. Kf1 B@h3+ 30. P@g2 B@b5+ 31. d3 Bxd3+ 32. cxd3 Nxh2+ 33. Ke2 exd3+ 
34. Kd2 B@c4 35. N@g6+ Kd7 36. B@a4+ b5 37. Q@e7+ Kc6 38. Qxd6+ cxd6 39. Nc3 
Kb6 40. Nxd5+ exd5 41. Kc3 Ka5 42. R@c6 b4+ 43. Kd4 
{LINDEGREN forfeits on time} 1-0

[Event "fics rated crazyhouse match"]
[Site "fics, Oklahoma City, OK USA"]
[Date "2000.12.25"]
[White "LINDEGREN"]
[WhiteElo "2343"]
[Black "Thufir"]
[BlackElo "2329"]
[TimeControl "60+0"]
[Result "1-0"]

1. e4 e6 2. Nc3 Nc6 3. Nf3 d6 4. d4 Nf6 5. Bb5 Be7 6. O-O 
Bd7 7. d5 Ne5 8. Nxe5 dxe5 9. dxe6 fxe6 10. Bxd7+ Qxd7 11. P@f7+ Kd8 
12. Qxd7+ Nxd7 13. B@h3 Rf8 14. N@a5 B@a6 15. Bxe6 N@c5 16. Bxd7 Nxd7 17. Q@e6 
B@b4 18. N@c6+ bxc6 19. Nxc6+ Kc8 20. Nxe7+ Bxe7 21. B@h3 N@c5 22. Qg4 N@f6 
23. Qd1 Ncxe4 24. P@c6 Nxc3 25. cxd7+ Kb8 26. N@c6+ Kb7 27. Na5+ Kb6 28. bxc3 
Kxa5 29. Rb1 P@b4 30. N@c6+ Kb6 31. Nxb4 Bxb4 32. Rxb4+ P@b5 33. Be3+ c5 
34. B@d6 Kc6 35. Bexc5 N@e4 36. Rxe4 Nxe4 37. N@e7+ Kb7 38. P@c6# 
{Thufir checkmated} 1-0